[ AOE2 MATCH · #480346227 ]
Team RMTeutons vs Huns
[ REPLAY ANALYSIS · EXTRACTED FROM THE RECORDED GAME ]
Feudal
15:30
Castle
32:50
Imperial
45:23
| APM avg | 33.2 |
| APM peak | 72 |
| eAPM avg | 19.1 |
| Villagers / military | 95 / 207 |
Focus
⚔️ 50.7% · 🌾 49.3%
Spearman ×80 · Teutonic Knight ×50 · Knight ×24 · Trade Cart ×15 · Militia ×12 · Archer ×12
Feudal
14:26
Castle
25:42
Imperial
37:10
| APM avg | 14.0 |
| APM peak | 30 |
| eAPM avg | 7.6 |
| Villagers / military | 94 / 204 |
Focus
⚔️ 24.0% · 🌾 76.0%
Leitis ×171 · Fishing Ship ×24 · Knight ×19 · Monk ×5 · Fire Galley ×5 · Demolition Raft ×2
Feudal
16:21
Castle
27:58
Imperial
56:50
| APM avg | 17.8 |
| APM peak | 82 |
| eAPM avg | 10.9 |
| Villagers / military | 109 / 298 |
Focus
⚔️ 40.4% · 🌾 59.6%
Spearman ×212 · Knight ×32 · Scout Cavalry ×24 · Fishing Ship ×12 · Trade Cart ×9 · Mangonel ×8
Feudal
14:40
Castle
23:29
Imperial
—
| APM avg | 6.0 |
| APM peak | 35 |
| eAPM avg | 4.9 |
| Villagers / military | 73 / 79 |
Focus
⚔️ 27.3% · 🌾 72.7%
Shotel Warrior ×64 · Demolition Raft ×10 · Fishing Ship ×9 · Spearman ×4 · Monk ×1
Feudal
—
Castle
—
Imperial
—
| APM avg | 14.5 |
| APM peak | 44 |
| eAPM avg | 7.0 |
| Villagers / military | 88 / 93 |
Focus
⚔️ 35.9% · 🌾 64.1%
Trade Cart ×26 · Cavalry Archer ×25 · Knight ×22 · Spearman ×17 · Tarkan ×14 · Fishing Ship ×12
Feudal
12:59
Castle
28:24
Imperial
50:00
| APM avg | 12.5 |
| APM peak | 43 |
| eAPM avg | 6.5 |
| Villagers / military | 67 / 123 |
Focus
⚔️ 33.6% · 🌾 66.4%
Spearman ×36 · Tarkan ×30 · Knight ×20 · Scout Cavalry ×9 · Cavalry Archer ×8 · Archer ×5
Match map
Resources at game start + every placement click. Thick line = wall · dashed box = detected house wall. 🟡 gold · ⚪ stone · 🟢 berries · 🔶 boar · ⭕ relic
Inputs per minute
— Twixxo - - Jezus Online
Build order — Twixxo
First 150 of 387 actions detected
| 0:40 | Build | Town Center |
| 2:22 | Build | House |
| 2:58 | Create | Villager (Male) ×4 |
| 3:36 | Build | House |
| 4:21 | Create | Villager (Male) |
| 4:51 | Build | House |
| 4:54 | Create | Villager (Male) |
| 5:54 | Create | Villager (Male) |
| 6:27 | Build | Mill |
| 6:45 | Create | Villager (Male) |
| 7:24 | Create | Villager (Male) |
| 8:18 | Create | Villager (Male) |
| 8:20 | Create | Villager (Male) |
| 8:33 | Build | House |
| 8:43 | Create | Villager (Male) |
| 9:02 | Create | Villager (Male) |
| 9:15 | Build | Mill |
| 9:28 | Create | Villager (Male) |
| 10:10 | Create | Villager (Male) |
| 10:17 | Create | Villager (Male) |
| 10:32 | Create | Villager (Male) |
| 10:49 | Create | Villager (Male) |
| 11:21 | Create | Villager (Male) |
| 11:24 | Build | Farm |
| 11:27 | Build | Farm |
| 11:28 | Create | Villager (Male) |
| 11:32 | Build | Barracks |
| 11:34 | Create | Villager (Male) |
| 12:05 | Build | Farm |
| 12:25 | Build | House |
| 13:20 | Research | Feudal Age |
| 13:29 | Create | Militia |
| 13:45 | Build | Mining Camp |
| 13:54 | Create | Militia |
| 14:23 | Build | House |
| 14:35 | Create | Villager (Male) |
| 14:45 | Build | House |
| 14:46 | Build | House |
| 15:01 | Build | Farm |
| 15:04 | Create | Militia |
| 15:30 | Age | Feudal Age |
| 15:36 | Build | Stone Wall |
| 15:40 | Build | Stone Wall |
| 15:48 | Research | Man-at-Arms (upgrade) |
| 15:50 | Research | Horse Collar |
| 15:57 | Create | Villager (Male) |
| 16:08 | Build | Lumber Camp |
| 16:54 | Build | Stone Wall |
| 17:05 | Build | Stone Wall |
| 17:17 | Build | Watch Tower |
| 17:19 | Build | Stone Wall |
| 17:35 | Create | Villager (Male) |
| 17:53 | Build | Stone Wall |
| 18:15 | Build | Building 673 |
| 18:20 | Build | Stone Wall |
| 18:23 | Create | Villager (Male) |
| 18:34 | Research | Wheelbarrow |
| 18:37 | Research | Double-Bit Axe |
| 18:58 | Build | Archery Range |
| 19:05 | Create | Villager (Male) |
| 19:12 | Build | House |
| 19:30 | Build | Blacksmith |
| 19:31 | Create | Villager (Male) |
| 19:34 | Create | Villager (Male) |
| 19:52 | Build | Watch Tower |
| 19:58 | Create | Archer ×5 |
| 20:10 | Create | Villager (Male) |
| 20:17 | Create | Villager (Male) |
| 20:29 | Create | Archer |
| 20:34 | Create | Spearman |
| 20:37 | Create | Villager (Male) |
| 21:06 | Build | Stone Wall |
| 21:24 | Create | Militia ×5 |
| 22:01 | Create | Archer |
| 22:05 | Create | Villager (Male) |
| 22:06 | Create | Militia |
| 22:07 | Create | Militia |
| 22:34 | Create | Militia |
| 22:40 | Create | Archer |
| 22:41 | Create | Villager (Male) |
| 22:44 | Build | House |
| 23:14 | Create | Archer |
| 23:42 | Create | Villager (Male) |
| 23:47 | Create | Militia |
| 24:16 | Build | Building 665 |
| 24:18 | Build | Stone Wall |
| 24:20 | Build | Stone Wall |
| 24:21 | Build | Stone Wall |
| 24:23 | Create | Villager (Male) |
| 24:32 | Create | Spearman |
| 24:35 | Create | Villager (Male) |
| 24:47 | Build | Building 487 |
| 24:58 | Create | Villager (Male) |
| 25:08 | Create | Spearman |
| 25:17 | Build | House |
| 25:17 | Build | House |
| 25:34 | Create | Skirmisher |
| 25:36 | Create | Archer |
| 25:39 | Research | Fletching |
| 25:40 | Create | Villager (Male) |
| 25:59 | Create | Spearman |
| 26:11 | Create | Archer |
| 26:21 | Build | Building 487 |
| 26:22 | Build | Stone Wall |
| 26:37 | Create | Villager (Male) |
| 26:40 | Build | Market |
| 26:54 | Build | House |
| 27:04 | Create | Archer |
| 27:33 | Create | Villager (Male) |
| 27:37 | Build | Outpost |
| 27:38 | Build | Mill |
| 27:49 | Create | Villager (Male) |
| 28:20 | Create | Villager (Male) |
| 28:36 | Create | Villager (Male) |
| 29:09 | Build | House |
| 29:12 | Build | Farm |
| 29:15 | Build | Farm |
| 29:15 | Create | Villager (Male) |
| 29:35 | Build | Outpost |
| 29:39 | Build | House |
| 30:10 | Research | Castle Age |
| 30:44 | Build | House |
| 30:46 | Build | House |
| 30:56 | Research | Arson |
| 31:07 | Build | Palisade Wall |
| 31:35 | Create | Villager (Male) |
| 31:46 | Build | Stable |
| 32:14 | Build | Farm |
| 32:18 | Build | House |
| 32:19 | Build | House |
| 32:23 | Create | Trade Cart |
| 32:40 | Build | Barracks |
| 32:42 | Research | Stone Mining |
| 32:43 | Create | Villager (Male) |
| 32:44 | Create | Spearman |
| 32:50 | Age | Castle Age |
| 32:55 | Build | Monastery |
| 32:58 | Create | Knight ×3 |
| 33:09 | Create | Spearman |
| 34:10 | Build | Town Center |
| 34:16 | Build | Lumber Camp |
| 34:17 | Create | Villager (Male) |
| 34:37 | Create | Spearman |
| 34:40 | Create | Monk |
| 34:53 | Research | Heavy Plow |
| 34:57 | Create | Villager (Male) |
| 35:13 | Create | Spearman |
| 35:17 | Create | Spearman |
| 35:18 | Create | Spearman |
| 35:18 | Create | Spearman |
Build order — Jezus Online
First 150 of 270 actions detected
| 0:58 | Build | Town Center |
| 2:35 | Build | Dock |
| 3:40 | Create | Villager (Male) |
| 3:40 | Create | Villager (Male) |
| 3:40 | Create | Villager (Male) |
| 3:41 | Create | Villager (Male) |
| 3:41 | Create | Villager (Male) |
| 3:41 | Create | Villager (Male) |
| 3:41 | Create | Villager (Male) |
| 3:57 | Build | House |
| 4:15 | Build | House |
| 5:21 | Create | Villager (Male) |
| 5:29 | Create | Fishing Ship |
| 6:23 | Create | Fishing Ship |
| 6:24 | Create | Fishing Ship |
| 6:39 | Build | House |
| 6:42 | Build | House |
| 6:54 | Create | Villager (Male) |
| 6:54 | Create | Villager (Male) |
| 7:09 | Create | Fishing Ship |
| 7:09 | Create | Fishing Ship |
| 7:20 | Create | Villager (Male) |
| 7:39 | Create | Villager (Male) |
| 7:40 | Create | Villager (Male) |
| 8:04 | Create | Fishing Ship |
| 8:04 | Create | Fishing Ship |
| 8:13 | Create | Villager (Male) |
| 8:13 | Create | Villager (Male) |
| 8:43 | Create | Villager (Male) |
| 8:43 | Create | Villager (Male) |
| 9:17 | Build | Mill |
| 9:24 | Create | Fishing Ship |
| 9:24 | Create | Fishing Ship |
| 9:24 | Create | Fishing Ship |
| 9:35 | Build | Mill |
| 9:46 | Create | Villager (Male) |
| 9:46 | Create | Villager (Male) |
| 9:46 | Create | Villager (Male) |
| 9:49 | Create | Fishing Ship |
| 10:20 | Create | Villager (Male) |
| 10:20 | Create | Villager (Male) |
| 10:20 | Create | Villager (Male) |
| 10:28 | Build | House |
| 10:30 | Build | House |
| 10:40 | Create | Villager (Male) |
| 10:54 | Create | Fishing Ship |
| 11:04 | Build | House |
| 11:54 | Research | Feudal Age |
| 12:08 | Build | Lumber Camp |
| 12:51 | Create | Villager (Male) |
| 12:51 | Create | Villager (Male) |
| 12:51 | Create | Villager (Male) |
| 12:51 | Create | Villager (Male) |
| 12:52 | Create | Villager (Male) |
| 12:57 | Create | Fishing Ship |
| 12:57 | Create | Fishing Ship |
| 14:09 | Build | House |
| 14:10 | Build | House |
| 14:15 | Build | House |
| 14:26 | Age | Feudal Age |
| 14:31 | Research | Horse Collar |
| 14:34 | Research | Double-Bit Axe |
| 14:34 | Research | Double-Bit Axe |
| 14:42 | Create | Demolition Raft |
| 15:35 | Create | Fishing Ship |
| 15:35 | Create | Fishing Ship |
| 16:06 | Create | Villager (Male) |
| 16:07 | Create | Villager (Male) |
| 16:07 | Create | Villager (Male) |
| 16:17 | Create | Fishing Ship |
| 16:17 | Create | Fishing Ship |
| 16:17 | Create | Fishing Ship |
| 17:02 | Create | Villager (Male) |
| 17:02 | Create | Villager (Male) |
| 17:02 | Create | Villager (Male) |
| 17:23 | Build | House |
| 17:25 | Build | House |
| 17:27 | Build | House |
| 17:29 | Build | House |
| 17:50 | Build | Farm |
| 17:55 | Build | Farm |
| 17:56 | Build | Farm |
| 17:58 | Build | Farm |
| 18:00 | Build | Farm |
| 18:03 | Build | Farm |
| 18:07 | Build | Farm |
| 18:09 | Build | Farm |
| 18:25 | Create | Villager (Male) |
| 18:26 | Create | Villager (Male) |
| 18:26 | Create | Villager (Male) |
| 18:50 | Build | Lumber Camp |
| 19:24 | Research | Tech 906 |
| 19:25 | Create | Fishing Ship ×3 |
| 20:07 | Build | Barracks |
| 20:11 | Build | Blacksmith |
| 20:25 | Build | Mining Camp |
| 20:29 | Create | Villager (Male) |
| 20:29 | Create | Villager (Male) |
| 20:29 | Create | Villager (Male) |
| 20:30 | Create | Villager (Male) |
| 20:30 | Create | Villager (Male) |
| 21:18 | Build | Stable |
| 21:32 | Research | Gold Mining |
| 21:45 | Build | House |
| 22:29 | Research | Scale Barding Armor |
| 22:31 | Research | Forging |
| 22:37 | Create | Villager (Male) |
| 22:48 | Research | Stone Mining |
| 22:56 | Research | Castle Age |
| 22:58 | Create | Villager (Male) |
| 22:59 | Create | Villager (Male) |
| 22:59 | Create | Villager (Male) |
| 22:59 | Create | Villager (Male) |
| 23:08 | Create | Scout Cavalry |
| 23:15 | Research | Bloodlines |
| 23:21 | Create | Scout Cavalry |
| 23:31 | Create | Fishing Ship |
| 23:37 | Create | Fishing Ship |
| 24:48 | Build | Stable |
| 24:54 | Build | House |
| 24:56 | Build | House |
| 24:59 | Build | House |
| 25:09 | Build | Stable |
| 25:19 | Create | Villager (Male) |
| 25:19 | Create | Villager (Male) |
| 25:19 | Create | Villager (Male) |
| 25:42 | Age | Castle Age |
| 25:47 | Build | Monastery |
| 25:53 | Create | Knight ×4 |
| 26:02 | Research | Bloodlines |
| 26:26 | Build | Town Center |
| 26:40 | Research | Loom |
| 26:50 | Research | Wheelbarrow |
| 26:50 | Create | Villager (Male) ×5 |
| 26:51 | Create | Villager (Male) ×5 |
| 27:02 | Research | Husbandry |
| 27:03 | Create | Knight ×2 |
| 27:38 | Research | Stone Shaft Mining |
| 28:15 | Create | Villager (Male) |
| 28:15 | Create | Villager (Male) |
| 28:15 | Create | Villager (Male) |
| 28:23 | Build | Castle |
| 29:41 | Research | Hand Cart |
| 29:48 | Create | Monk |
| 30:04 | Create | Monk |
| 31:47 | Build | Castle |
| 33:10 | Create | Villager (Male) ×5 |
| 33:12 | Create | Villager (Male) ×5 |
| 33:30 | Create | Monk |
| 33:54 | Build | Mining Camp |
Build order — fitotolaba
First 150 of 464 actions detected
| 0:51 | Build | Town Center |
| 1:59 | Build | House |
| 3:24 | Create | Villager (Male) |
| 3:25 | Create | Villager (Male) |
| 3:25 | Create | Villager (Male) |
| 4:00 | Build | Mill |
| 4:25 | Create | Villager (Male) |
| 4:26 | Research | Loom |
| 5:18 | Create | Villager (Male) |
| 5:45 | Create | Villager (Male) |
| 6:10 | Create | Villager (Male) |
| 6:21 | Create | Villager (Male) |
| 6:33 | Build | House |
| 7:21 | Build | Lumber Camp |
| 7:24 | Create | Villager (Male) |
| 7:25 | Create | Villager (Male) |
| 8:29 | Create | Villager (Male) |
| 8:29 | Create | Villager (Male) |
| 8:58 | Build | House |
| 9:11 | Create | Villager (Male) |
| 9:48 | Create | Villager (Male) |
| 10:00 | Build | Mill |
| 10:15 | Build | Barracks |
| 10:17 | Create | Villager (Male) |
| 10:44 | Build | House |
| 10:50 | Create | Villager (Male) |
| 10:50 | Create | Villager (Male) |
| 11:37 | Build | Farm |
| 11:37 | Build | Farm |
| 11:38 | Build | Farm |
| 11:44 | Build | Farm |
| 12:52 | Create | Villager (Male) |
| 12:52 | Create | Villager (Male) |
| 13:23 | Create | Militia |
| 13:46 | Build | Farm |
| 14:11 | Research | Feudal Age |
| 14:34 | Build | Dock |
| 14:52 | Build | Dock |
| 14:55 | Create | Villager (Male) |
| 14:56 | Create | Villager (Male) |
| 15:31 | Build | House |
| 15:35 | Create | Fishing Ship |
| 15:36 | Create | Fishing Ship |
| 15:36 | Create | Fishing Ship |
| 16:14 | Create | Fishing Ship |
| 16:21 | Age | Feudal Age |
| 16:34 | Build | Mining Camp |
| 16:49 | Create | Villager (Male) |
| 16:53 | Research | Double-Bit Axe |
| 17:29 | Create | Militia ×5 |
| 17:44 | Build | House |
| 17:45 | Build | House |
| 18:09 | Research | Tech 906 |
| 18:35 | Build | Market |
| 19:16 | Research | Wheelbarrow |
| 19:26 | Build | Blacksmith |
| 19:39 | Create | Villager (Male) |
| 19:39 | Create | Villager (Male) |
| 19:49 | Research | Man-at-Arms (upgrade) |
| 20:37 | Build | Lumber Camp |
| 21:08 | Research | Forging |
| 21:45 | Create | Villager (Male) |
| 21:45 | Create | Villager (Male) |
| 21:46 | Create | Villager (Male) |
| 21:46 | Create | Villager (Male) |
| 21:46 | Create | Villager (Male) |
| 22:34 | Create | Villager (Male) |
| 22:35 | Create | Villager (Male) |
| 22:45 | Research | Stone Mining |
| 22:57 | Build | Stable |
| 23:25 | Create | Galley |
| 23:27 | Create | Galley |
| 23:27 | Create | Galley |
| 23:28 | Create | Fire Galley |
| 23:29 | Create | Fire Galley |
| 24:53 | Build | Stable |
| 25:05 | Build | House |
| 25:06 | Build | House |
| 25:18 | Research | Castle Age |
| 25:31 | Create | Scout Cavalry ×2 |
| 25:43 | Build | House |
| 25:44 | Build | House |
| 25:45 | Build | House |
| 25:54 | Build | Farm |
| 25:55 | Build | Farm |
| 25:56 | Build | Farm |
| 26:00 | Build | Farm |
| 26:30 | Build | Watch Tower |
| 27:34 | Build | Farm |
| 27:37 | Create | Villager (Male) |
| 27:38 | Create | Villager (Male) |
| 27:38 | Create | Villager (Male) |
| 27:38 | Create | Villager (Male) |
| 27:39 | Create | Villager (Male) |
| 27:58 | Age | Castle Age |
| 28:02 | Research | Husbandry |
| 28:02 | Research | Light Cavalry (upgrade) |
| 28:12 | Build | Castle |
| 28:32 | Build | Barracks |
| 28:52 | Research | Bow Saw |
| 29:04 | Create | Spearman ×5 |
| 29:18 | Build | Watch Tower |
| 30:48 | Create | Villager (Male) |
| 30:48 | Create | Villager (Male) |
| 30:49 | Create | Villager (Male) |
| 31:12 | Build | Lumber Camp |
| 31:22 | Create | Villager (Male) |
| 31:22 | Create | Villager (Male) |
| 31:29 | Create | Demolition Raft |
| 31:29 | Create | Demolition Raft |
| 31:30 | Create | Demolition Raft |
| 32:09 | Research | Tech 905 |
| 32:14 | Research | Gillnets |
| 32:33 | Build | Dock |
| 32:38 | Build | Farm |
| 32:38 | Build | Farm |
| 32:43 | Research | Pikeman (upgrade) |
| 33:23 | Build | Siege Workshop |
| 33:24 | Build | Siege Workshop |
| 33:30 | Create | Knight |
| 33:30 | Create | Knight |
| 33:30 | Create | Knight |
| 33:41 | Create | Fishing Ship |
| 33:41 | Create | Fishing Ship |
| 33:41 | Create | Fishing Ship |
| 33:53 | Research | War Galley (upgrade) |
| 34:59 | Build | Town Center |
| 35:03 | Create | Villager (Male) |
| 35:03 | Create | Villager (Male) |
| 35:03 | Create | Villager (Male) |
| 35:03 | Create | Villager (Male) |
| 35:04 | Create | Villager (Male) |
| 35:04 | Create | Villager (Male) |
| 35:04 | Create | Villager (Male) |
| 35:05 | Create | Villager (Male) |
| 35:13 | Create | Mangonel |
| 35:13 | Create | Mangonel |
| 35:29 | Create | Mangonel |
| 35:30 | Create | Mangonel |
| 35:48 | Create | Mangonel |
| 35:49 | Create | Mangonel |
| 36:20 | Create | Fishing Ship |
| 36:21 | Create | Fishing Ship |
| 36:21 | Create | Fishing Ship |
| 36:21 | Create | Fishing Ship |
| 36:21 | Create | Fishing Ship |
| 36:58 | Create | Knight |
| 36:59 | Create | Knight |
| 36:59 | Create | Knight |
| 37:38 | Build | Farm |
Build order — Samurai
First 150 of 159 actions detected
| 1:00 | Build | Town Center |
| 2:50 | Create | Villager (Male) ×4 |
| 2:53 | Build | House |
| 3:17 | Build | House |
| 3:19 | Build | House |
| 3:21 | Build | House |
| 4:34 | Create | Villager (Male) |
| 4:35 | Create | Villager (Male) |
| 5:17 | Build | Mill |
| 5:35 | Create | Villager (Male) |
| 5:35 | Create | Villager (Male) |
| 5:44 | Research | Loom |
| 6:29 | Create | Villager (Male) |
| 6:30 | Create | Villager (Male) |
| 7:21 | Create | Villager (Male) |
| 7:48 | Create | Villager (Male) |
| 7:48 | Create | Villager (Male) |
| 8:13 | Create | Villager (Male) |
| 8:13 | Create | Villager (Male) |
| 8:14 | Create | Villager (Male) |
| 8:14 | Create | Villager (Male) |
| 8:46 | Create | Villager (Male) |
| 8:46 | Create | Villager (Male) |
| 8:47 | Create | Villager (Male) |
| 9:37 | Create | Villager (Male) |
| 9:48 | Build | Lumber Camp |
| 11:42 | Build | Farm |
| 11:46 | Build | Farm |
| 11:54 | Build | Farm |
| 12:08 | Build | Farm |
| 12:30 | Research | Feudal Age |
| 14:18 | Build | Farm |
| 14:23 | Build | Farm |
| 14:27 | Build | Farm |
| 14:40 | Age | Feudal Age |
| 14:46 | Create | Villager (Male) ×5 |
| 14:58 | Research | Double-Bit Axe |
| 15:01 | Research | Horse Collar |
| 15:09 | Build | Mining Camp |
| 16:01 | Build | House |
| 16:03 | Build | House |
| 16:17 | Build | House |
| 16:20 | Build | House |
| 16:53 | Build | Mining Camp |
| 17:02 | Create | Villager (Male) |
| 17:04 | Create | Villager (Male) |
| 17:30 | Build | Watch Tower |
| 18:12 | Research | Gold Mining |
| 18:33 | Build | Farm |
| 19:10 | Build | Blacksmith |
| 19:18 | Build | Market |
| 19:33 | Research | Town Watch |
| 19:40 | Research | Fletching |
| 20:29 | Build | Watch Tower |
| 20:49 | Research | Castle Age |
| 21:42 | Build | Lumber Camp |
| 21:56 | Research | Stone Mining |
| 23:29 | Age | Castle Age |
| 23:45 | Build | Watch Tower |
| 23:50 | Research | Bodkin Arrow |
| 24:12 | Create | Villager (Male) ×5 |
| 24:26 | Build | Barracks |
| 25:24 | Build | Castle |
| 25:48 | Create | Villager (Male) ×5 |
| 26:16 | Build | Town Center |
| 27:09 | Create | Spearman |
| 27:10 | Create | Spearman |
| 27:11 | Create | Spearman |
| 27:24 | Create | Spearman |
| 28:25 | Create | Villager (Male) |
| 29:46 | Create | Shotel Warrior ×4 |
| 29:46 | Create | Shotel Warrior ×4 |
| 29:46 | Create | Shotel Warrior ×4 |
| 31:29 | Build | Siege Workshop |
| 31:41 | Create | Villager (Male) |
| 31:42 | Create | Villager (Male) |
| 31:42 | Create | Villager (Male) |
| 31:47 | Build | Farm |
| 31:49 | Build | Farm |
| 31:53 | Build | Farm |
| 33:08 | Build | Mill |
| 34:05 | Create | Villager (Male) ×4 |
| 35:17 | Create | Villager (Male) ×5 |
| 35:18 | Create | Villager (Male) ×5 |
| 35:18 | Create | Villager (Male) ×2 |
| 35:56 | Research | Scale Mail Armor |
| 36:10 | Create | Villager (Male) |
| 37:45 | Build | Mill |
| 38:21 | Create | Villager (Male) ×5 |
| 38:27 | Build | Monastery |
| 38:33 | Build | University |
| 39:16 | Create | Monk |
| 39:22 | Build | House |
| 39:30 | Build | House |
| 39:32 | Build | House |
| 39:33 | Build | House |
| 39:35 | Build | House |
| 39:36 | Build | House |
| 40:01 | Build | Mining Camp |
| 40:28 | Research | Stone Shaft Mining |
| 41:28 | Build | Mining Camp |
| 41:48 | Research | Royal Heirs |
| 41:51 | Research | Chain Mail Armor |
| 42:05 | Research | Gold Shaft Mining |
| 42:34 | Build | Mining Camp |
| 42:45 | Create | Shotel Warrior ×2 |
| 42:46 | Create | Shotel Warrior ×2 |
| 43:04 | Build | Farm |
| 43:08 | Build | Farm |
| 43:14 | Build | Farm |
| 43:32 | Create | Shotel Warrior |
| 43:32 | Create | Shotel Warrior |
| 45:31 | Build | Castle |
| 45:39 | Build | Farm |
| 45:52 | Build | Farm |
| 46:09 | Create | Villager (Male) ×3 |
| 46:43 | Build | Dock |
| 46:52 | Build | Dock |
| 47:21 | Research | Forging |
| 48:13 | Create | Villager (Male) |
| 49:00 | Research | Tech 906 |
| 49:24 | Research | Gillnets |
| 49:52 | Create | Demolition Raft |
| 49:52 | Create | Demolition Raft |
| 49:54 | Create | Demolition Raft |
| 49:58 | Create | Demolition Raft |
| 49:59 | Create | Demolition Raft |
| 49:59 | Create | Demolition Raft |
| 49:59 | Create | Demolition Raft |
| 50:45 | Research | Wheelbarrow |
| 51:17 | Create | Demolition Raft |
| 51:22 | Create | Demolition Raft |
| 51:34 | Create | Fishing Ship |
| 51:35 | Create | Fishing Ship |
| 52:00 | Create | Demolition Raft |
| 52:25 | Create | Fishing Ship |
| 52:25 | Create | Fishing Ship |
| 54:14 | Create | Fishing Ship |
| 54:15 | Create | Fishing Ship |
| 55:01 | Create | Fishing Ship |
| 57:41 | Build | Town Center |
| 58:13 | Create | Shotel Warrior ×5 |
| 58:13 | Create | Shotel Warrior ×5 |
| 58:13 | Create | Shotel Warrior ×5 |
| 58:14 | Create | Shotel Warrior ×5 |
| 59:20 | Create | Villager (Male) ×4 |
| 59:47 | Create | Fishing Ship |
| 59:48 | Create | Fishing Ship |
| 60:13 | Create | Shotel Warrior |
| 60:14 | Create | Shotel Warrior |
Build order — OgdubGodotw
First 150 of 340 actions detected
| 1:40 | Build | Town Center |
| 4:26 | Create | Villager (Male) |
| 4:27 | Create | Villager (Male) |
| 4:27 | Create | Villager (Male) |
| 4:27 | Create | Villager (Male) |
| 4:27 | Create | Villager (Male) |
| 5:15 | Create | Villager (Male) |
| 6:36 | Create | Villager (Male) |
| 6:37 | Create | Villager (Male) |
| 6:54 | Build | Lumber Camp |
| 7:13 | Create | Villager (Male) |
| 7:27 | Create | Villager (Male) |
| 8:36 | Create | Villager (Male) |
| 8:51 | Create | Villager (Male) |
| 8:52 | Create | Villager (Male) |
| 9:11 | Build | Mill |
| 9:33 | Build | Dock |
| 10:45 | Create | Fishing Ship |
| 10:46 | Create | Fishing Ship |
| 10:46 | Create | Fishing Ship |
| 10:47 | Create | Fishing Ship |
| 10:58 | Create | Villager (Male) |
| 10:59 | Create | Villager (Male) |
| 11:05 | Create | Villager (Male) |
| 11:28 | Create | Fishing Ship |
| 11:32 | Create | Villager (Male) |
| 11:35 | Create | Villager (Male) |
| 11:59 | Create | Fishing Ship |
| 12:26 | Create | Villager (Male) |
| 12:27 | Create | Villager (Male) |
| 12:45 | Create | Villager (Male) |
| 13:08 | Create | Villager (Male) |
| 13:17 | Create | Fishing Ship |
| 13:18 | Create | Fishing Ship |
| 13:50 | Create | Villager (Male) |
| 14:27 | Create | Fishing Ship |
| 14:30 | Create | Villager (Male) |
| 14:34 | Research | Feudal Age |
| 15:23 | Create | Villager (Male) |
| 15:24 | Create | Villager (Male) |
| 15:24 | Create | Villager (Male) |
| 15:29 | Create | Fishing Ship |
| 15:30 | Create | Fishing Ship |
| 15:30 | Create | Fishing Ship |
| 17:09 | Build | Farm |
| 17:10 | Build | Farm |
| 17:10 | Build | Farm |
| 17:11 | Build | Farm |
| 17:11 | Build | Farm |
| 17:13 | Build | Farm |
| 17:13 | Build | Farm |
| 17:24 | Research | Double-Bit Axe |
| 18:01 | Build | Mining Camp |
| 18:25 | Research | Wheelbarrow |
| 18:26 | Create | Villager (Male) |
| 18:27 | Create | Villager (Male) |
| 18:51 | Research | Horse Collar |
| 19:21 | Create | Villager (Male) |
| 19:23 | Create | Villager (Male) |
| 19:51 | Build | Barracks |
| 20:49 | Build | Stable |
| 21:16 | Create | Villager (Male) |
| 21:17 | Create | Villager (Male) |
| 21:31 | Build | Market |
| 22:05 | Create | Villager (Male) |
| 22:06 | Create | Villager (Male) |
| 22:11 | Research | Castle Age |
| 22:32 | Build | Blacksmith |
| 22:39 | Create | Villager (Male) |
| 22:43 | Research | Tech 906 |
| 23:23 | Build | Stable |
| 23:27 | Research | Bloodlines |
| 23:50 | Create | Villager (Male) |
| 23:54 | Create | Scout Cavalry |
| 23:55 | Create | Scout Cavalry |
| 23:57 | Create | Scout Cavalry |
| 23:59 | Create | Spearman |
| 24:00 | Create | Spearman |
| 24:00 | Create | Spearman |
| 24:03 | Create | Spearman |
| 24:07 | Create | Scout Cavalry |
| 24:08 | Create | Scout Cavalry |
| 24:09 | Create | Scout Cavalry |
| 24:19 | Build | Mining Camp |
| 24:25 | Build | Stone Wall |
| 24:37 | Build | Building 487 |
| 24:50 | Build | Stone Wall |
| 25:03 | Research | Pikeman (upgrade) |
| 25:04 | Research | Squires |
| 25:05 | Create | Spearman |
| 25:05 | Create | Spearman |
| 25:06 | Create | Spearman |
| 25:08 | Research | Scale Barding Armor |
| 25:17 | Build | Stone Wall |
| 25:25 | Build | Building 490 |
| 25:32 | Build | Building 490 |
| 26:35 | Research | Light Cavalry (upgrade) |
| 26:36 | Research | Husbandry |
| 26:39 | Create | Villager (Male) |
| 26:39 | Create | Villager (Male) |
| 26:41 | Create | Villager (Male) |
| 26:52 | Build | Farm |
| 26:52 | Build | Farm |
| 26:52 | Build | Farm |
| 26:52 | Build | Farm |
| 26:53 | Build | Farm |
| 27:52 | Create | Spearman |
| 27:53 | Create | Spearman |
| 28:00 | Create | Knight |
| 28:00 | Create | Knight |
| 28:00 | Create | Knight |
| 28:00 | Create | Knight |
| 28:01 | Create | Knight |
| 28:02 | Create | Knight |
| 28:02 | Create | Knight |
| 31:54 | Build | Siege Workshop |
| 31:58 | Research | Gold Mining |
| 31:58 | Research | Stone Mining |
| 32:15 | Research | Gillnets |
| 32:20 | Create | Villager (Male) |
| 32:20 | Research | Hand Cart |
| 32:21 | Create | Villager (Male) |
| 32:21 | Create | Villager (Male) |
| 32:25 | Research | Heavy Plow |
| 32:28 | Create | Knight |
| 32:28 | Create | Knight |
| 32:33 | Create | Spearman |
| 32:33 | Create | Spearman |
| 32:33 | Create | Spearman |
| 32:34 | Create | Spearman |
| 33:16 | Build | Mining Camp |
| 33:26 | Build | Monastery |
| 33:30 | Build | University |
| 34:49 | Create | Spearman |
| 34:50 | Create | Spearman |
| 34:50 | Create | Spearman |
| 34:50 | Create | Spearman |
| 35:34 | Research | Imperial Age |
| 36:00 | Build | Stone Wall |
| 37:31 | Research | Tech 905 |
| 38:06 | Create | Villager (Male) |
| 38:06 | Create | Villager (Male) |
| 38:06 | Create | Villager (Male) |
| 38:07 | Create | Villager (Male) |
| 38:41 | Create | Villager (Male) |
| 38:41 | Create | Villager (Male) |
| 38:48 | Research | Gold Shaft Mining |
| 39:40 | Create | Villager (Male) |
| 39:40 | Create | Villager (Male) |
| 39:59 | Build | Town Center |
Build order — --MT--
First 150 of 174 actions detected
| 0:14 | Build | Town Center |
| 2:24 | Create | Villager (Male) ×4 |
| 2:25 | Research | Loom |
| 4:39 | Create | Villager (Male) ×3 |
| 5:30 | Create | Villager (Male) |
| 5:41 | Build | Mill |
| 6:54 | Create | Villager (Male) ×5 |
| 7:48 | Create | Villager (Male) ×2 |
| 9:17 | Build | Lumber Camp |
| 9:40 | Create | Villager (Male) |
| 10:00 | Build | Farm |
| 10:49 | Research | Feudal Age |
| 11:13 | Build | Farm |
| 11:14 | Build | Farm |
| 11:15 | Build | Farm |
| 11:16 | Build | Farm |
| 12:02 | Build | Farm |
| 12:03 | Build | Farm |
| 12:04 | Build | Farm |
| 12:59 | Age | Feudal Age |
| 13:02 | Research | Wheelbarrow |
| 13:07 | Research | Horse Collar |
| 13:10 | Research | Double-Bit Axe |
| 13:22 | Build | Stone Wall |
| 13:23 | Build | Stone Wall |
| 13:54 | Build | Market |
| 14:23 | Research | Town Watch |
| 14:26 | Create | Villager (Male) ×3 |
| 14:47 | Create | Trade Cart |
| 14:51 | Create | Villager (Male) ×2 |
| 14:59 | Build | Stone Wall |
| 15:10 | Build | Stone Wall |
| 15:31 | Build | Mining Camp |
| 16:12 | Build | Stone Wall |
| 16:17 | Build | Building 487 |
| 16:54 | Build | Mining Camp |
| 17:25 | Build | Outpost |
| 18:10 | Build | Outpost |
| 18:43 | Build | Barracks |
| 18:51 | Build | Barracks |
| 19:09 | Build | Stone Wall |
| 19:22 | Build | Stone Wall |
| 19:32 | Create | Militia |
| 19:33 | Create | Militia |
| 19:42 | Create | Militia |
| 19:42 | Create | Militia |
| 19:44 | Research | Man-at-Arms (upgrade) |
| 19:56 | Build | Stable |
| 19:58 | Build | Stable |
| 20:11 | Research | Man-at-Arms (upgrade) |
| 20:12 | Research | Arson |
| 20:51 | Create | Villager (Male) ×5 |
| 21:06 | Create | Scout Cavalry |
| 21:06 | Create | Scout Cavalry |
| 21:06 | Create | Scout Cavalry |
| 21:07 | Create | Scout Cavalry |
| 21:19 | Build | Blacksmith |
| 22:00 | Build | Stone Wall |
| 22:15 | Research | Scale Mail Armor |
| 22:16 | Research | Forging |
| 22:30 | Build | Mill |
| 25:44 | Research | Castle Age |
| 27:18 | Research | Scale Barding Armor |
| 27:34 | Build | Stone Wall |
| 28:24 | Age | Castle Age |
| 28:30 | Build | Town Center |
| 28:50 | Build | Town Center |
| 29:30 | Create | Spearman ×3 |
| 29:34 | Create | Knight ×4 |
| 30:06 | Create | Villager (Male) ×3 |
| 30:06 | Create | Villager (Male) ×3 |
| 30:38 | Build | Farm |
| 31:08 | Research | Chain Barding Armor |
| 32:08 | Build | Monastery |
| 32:30 | Create | Villager (Male) |
| 32:31 | Create | Villager (Male) |
| 32:31 | Create | Villager (Male) |
| 32:31 | Create | Villager (Male) |
| 32:33 | Create | Villager (Male) |
| 32:33 | Create | Villager (Male) |
| 32:34 | Create | Villager (Male) |
| 33:37 | Create | Monk |
| 34:27 | Research | Pikeman (upgrade) |
| 34:57 | Research | Hand Cart |
| 35:10 | Create | Villager (Male) ×3 |
| 35:10 | Create | Villager (Male) ×3 |
| 35:10 | Create | Villager (Male) ×3 |
| 36:19 | Build | Farm |
| 36:20 | Build | Farm |
| 36:20 | Build | Farm |
| 36:21 | Build | Farm |
| 36:22 | Build | Farm |
| 36:35 | Build | Archery Range |
| 36:37 | Build | Archery Range |
| 36:48 | Build | Castle |
| 37:16 | Build | Stable |
| 37:42 | Build | Stone Wall |
| 37:46 | Create | Villager (Male) |
| 37:56 | Build | Farm |
| 38:12 | Create | Knight ×5 |
| 38:12 | Create | Knight ×5 |
| 38:29 | Build | Archery Range |
| 38:49 | Research | Marauders |
| 39:57 | Create | Tarkan ×4 |
| 39:57 | Create | Tarkan ×4 |
| 40:09 | Create | Tarkan ×5 |
| 40:12 | Create | Tarkan ×4 |
| 40:38 | Research | Crossbowman (upgrade) |
| 40:39 | Research | Thumb Ring |
| 41:00 | Build | Dock |
| 41:26 | Research | Padded Archer Armor |
| 41:27 | Research | Fletching |
| 41:45 | Create | Galley |
| 41:46 | Create | Galley |
| 41:52 | Create | Transport Ship |
| 41:53 | Create | Transport Ship |
| 42:10 | Build | Lumber Camp |
| 42:16 | Create | Cavalry Archer ×3 |
| 42:38 | Create | Archer ×5 |
| 42:40 | Create | Cavalry Archer ×5 |
| 42:45 | Create | Scout Cavalry ×5 |
| 42:54 | Build | Farm |
| 42:54 | Build | Farm |
| 43:32 | Create | Villager (Male) ×5 |
| 43:33 | Create | Villager (Male) ×5 |
| 43:33 | Create | Villager (Male) ×5 |
| 43:33 | Create | Villager (Male) ×3 |
| 43:51 | Research | Husbandry |
| 43:57 | Research | Husbandry |
| 44:00 | Research | Light Cavalry (upgrade) |
| 44:19 | Build | Farm |
| 44:19 | Build | Farm |
| 44:20 | Build | Farm |
| 44:45 | Build | Mill |
| 45:00 | Build | Farm |
| 45:58 | Build | Farm |
| 46:03 | Build | Farm |
| 46:29 | Build | University |
| 46:50 | Research | Imperial Age |
| 47:14 | Create | Knight ×3 |
| 47:14 | Create | Knight ×3 |
| 47:24 | Research | Murder Holes |
| 47:53 | Build | Farm |
| 47:54 | Build | Farm |
| 47:57 | Research | Bow Saw |
| 48:03 | Research | Heavy Plow |
| 48:14 | Build | Farm |
| 49:00 | Research | Bloodlines |
| 49:11 | Build | Farm |
| 49:34 | Build | Mining Camp |
Match timeline
| 2:35 | Jezus Online · first_building Dock |
| 9:33 | OgdubGodotw · first_building Dock |
| 10:15 | fitotolaba · first_building Barracks |
| 11:32 | Twixxo · first_building Barracks |
| 12:59 | --MT-- · age_up feudal |
| 13:22 | --MT-- · wall_segment Stone Wall x8 |
| 13:23 | --MT-- · wall_segment Stone Wall x6 |
| 14:26 | Jezus Online · age_up feudal |
| 14:34 | fitotolaba · first_building Dock |
| 14:40 | Samurai · age_up feudal |
| 14:59 | --MT-- · wall_segment Stone Wall x2 |
| 15:10 | --MT-- · wall_segment Stone Wall x14 |
| 15:30 | Twixxo · age_up feudal |
| 15:36 | Twixxo · wall_segment Stone Wall x6 |
| 15:40 | Twixxo · wall_segment Stone Wall x11 |
| 16:12 | --MT-- · wall_segment Stone Wall x3 |
| 16:21 | fitotolaba · age_up feudal |
| 16:54 | Twixxo · wall_segment Stone Wall x2 |
| 17:05 | Twixxo · wall_segment Stone Wall x4 |
| 17:19 | Twixxo · wall_segment Stone Wall x1 |
| 17:53 | Twixxo · wall_segment Stone Wall x1 |
| 18:20 | Twixxo · wall_segment Stone Wall x3 |
| 18:43 | --MT-- · first_building Barracks |
| 18:58 | Twixxo · first_building Archery Range |
| 19:09 | --MT-- · wall_segment Stone Wall x25 |
| 19:15 | --MT-- · first_market_buy 100 stone |
| 19:22 | --MT-- · wall_segment Stone Wall x9 |
| 19:38 | --MT-- · first_market_sell 100 food |
| 19:51 | OgdubGodotw · first_building Barracks |
| 19:56 | --MT-- · first_building Stable |
| 20:07 | Jezus Online · first_building Barracks |
| 20:49 | OgdubGodotw · first_building Stable |
| 21:06 | Twixxo · wall_segment Stone Wall x18 |
| 21:18 | Jezus Online · first_building Stable |
| 22:00 | --MT-- · wall_segment Stone Wall x20 |
| 22:57 | fitotolaba · first_building Stable |
| 23:29 | Samurai · age_up castle |
| 24:18 | Twixxo · wall_segment Stone Wall x5 |
| 24:20 | Twixxo · wall_segment Stone Wall x1 |
| 24:21 | Twixxo · wall_segment Stone Wall x5 |
| 24:25 | OgdubGodotw · wall_segment Stone Wall x4 |
| 24:26 | Samurai · first_building Barracks |
| 24:50 | OgdubGodotw · wall_segment Stone Wall x1 |
| 24:57 | Samurai · first_market_buy 100 stone |
| 25:02 | Samurai · first_market_sell 100 food |
| 25:17 | OgdubGodotw · wall_segment Stone Wall x16 |
| 25:24 | Samurai · first_building Castle |
| 25:42 | Jezus Online · age_up castle |
| 25:47 | Jezus Online · first_building Monastery |
| 26:21 | --MT-- · tribute_sent a jugador 1 |
| 26:21 | --MT-- · tribute_sent a jugador 2 |
| 26:21 | --MT-- · tribute_sent a jugador 3 |
| 26:21 | --MT-- · tribute_sent a jugador 4 |
| 26:21 | --MT-- · tribute_sent a jugador 5 |
| 26:22 | Twixxo · wall_segment Stone Wall x8 |
| 27:34 | --MT-- · wall_segment Stone Wall x15 |
| 27:58 | fitotolaba · age_up castle |
| 28:12 | fitotolaba · first_building Castle |
| 28:23 | Jezus Online · first_building Castle |
| 28:24 | --MT-- · age_up castle |
| 29:05 | --MT-- · tribute_sent a jugador 1 |
| 29:05 | --MT-- · tribute_sent a jugador 2 |
| 29:05 | --MT-- · tribute_sent a jugador 3 |
| 29:05 | --MT-- · tribute_sent a jugador 4 |
| 29:05 | --MT-- · tribute_sent a jugador 5 |
| 29:52 | Twixxo · first_market_sell 500 wood |
| 29:57 | Twixxo · first_market_buy 100 stone |
| 31:07 | Twixxo · wall_segment Palisade Wall x3 |
| 31:29 | Samurai · first_building Siege Workshop |
| 31:46 | Twixxo · first_building Stable |
| 31:54 | OgdubGodotw · first_building Siege Workshop |
| 32:08 | --MT-- · first_building Monastery |
| 32:50 | Twixxo · age_up castle |
| 32:55 | Twixxo · first_building Monastery |
| 33:23 | fitotolaba · first_building Siege Workshop |
| 33:26 | OgdubGodotw · first_building Monastery |
| 36:00 | OgdubGodotw · wall_segment Stone Wall x26 |
| 36:35 | --MT-- · first_building Archery Range |
| 36:42 | Twixxo · first_building Siege Workshop |
| 36:48 | --MT-- · first_building Castle |
| 37:10 | Jezus Online · age_up imperial |
| 37:42 | --MT-- · wall_segment Stone Wall x20 |
| 38:27 | Samurai · first_building Monastery |
| 41:00 | --MT-- · first_building Dock |
| 41:18 | Twixxo · first_building Castle |
| 41:35 | --MT-- · tribute_sent a jugador 1 |
| 41:35 | --MT-- · tribute_sent a jugador 2 |
| 41:35 | --MT-- · tribute_sent a jugador 3 |
| 41:35 | --MT-- · tribute_sent a jugador 4 |
| 41:35 | --MT-- · tribute_sent a jugador 5 |
| 45:23 | Twixxo · age_up imperial |
| 45:44 | fitotolaba · first_building Monastery |
| 46:36 | Twixxo · wall_segment Stone Wall x1 |
| 46:43 | Samurai · first_building Dock |
| 46:50 | OgdubGodotw · first_building Castle |
| 50:00 | --MT-- · age_up imperial |
| 50:31 | OgdubGodotw · first_building Archery Range |
| 52:59 | OgdubGodotw · wall_segment Stone Wall x1 |
| 56:08 | Twixxo · wall_segment Stone Wall x14 |
| 56:18 | Twixxo · wall_segment Stone Wall x14 |
| 56:24 | Twixxo · wall_segment Stone Wall x4 |
| 56:30 | Twixxo · wall_segment Stone Wall x1 |
| 56:30 | Twixxo · wall_segment Stone Wall x1 |
| 56:32 | Twixxo · wall_segment Stone Wall x2 |
| 56:32 | Twixxo · wall_segment Stone Wall x1 |
| 56:36 | Twixxo · wall_segment Stone Wall x6 |
| 56:50 | fitotolaba · age_up imperial |
| 57:30 | --MT-- · tribute_sent a jugador 1 |
| 57:30 | --MT-- · tribute_sent a jugador 2 |
| 57:30 | --MT-- · tribute_sent a jugador 3 |
| 57:30 | --MT-- · tribute_sent a jugador 4 |
| 57:30 | --MT-- · tribute_sent a jugador 5 |
| 58:29 | Twixxo · wall_segment Stone Wall x7 |
| 58:35 | Twixxo · wall_segment Stone Wall x12 |
| 60:47 | OgdubGodotw · first_market_sell 500 wood |
| 63:04 | --MT-- · resign |
| 66:05 | Samurai · tribute_sent a jugador 1 |
| 66:05 | Samurai · tribute_sent a jugador 2 |
| 66:05 | Samurai · tribute_sent a jugador 3 |
| 66:05 | Samurai · tribute_sent a jugador 5 |
| 66:05 | Samurai · tribute_sent a jugador 6 |
| 74:26 | Twixxo · first_building Dock |
[ AI ANALYSIS · 1 CREDIT ]
What really happened in this match?
Wolo.gg analyzes every decision: build order, eco, micro, common mistakes by bracket. Personalized analysis on WhatsApp or Discord in 30 seconds.
Civ guide
Teutons
Map guide
Nomad
Perfil
Twixxo